 Dungeon Crawl Stone Soup version 0.28.0 (webtiles) character file.

Game seed: 232711204984972420

19 fknight the Vexing (level 2, 0/16 HPs)
             Began as a Kobold Arcane Marksman on Feb 19, 2022.
             Was a Follower of Cheibriados.
             Slain by a goblin (1 damage)
             ... on level 1 of the Dungeon.
             The game lasted 00:19:02 (1223 turns).

fknight the Vexing (Kobold Arcane Marksman)         Turns: 1223, Time: 00:19:03

Health: 0/16       AC:  5    Str:  9    XL:     2   Next: 95%
Magic:  3/3        EV: 15    Int: 16    God:    Cheibriados [*.....]
Gold:   7          SH:  0    Dex: 17    Spells: 2/3 levels left

rFire   . . .      SeeInvis .   j - +0 short sword
rCold   . . .      Faith    .   (no shield)
rNeg    . . .      Spirit   .   d - +0 robe
rPois   .          Reflect  .   (no helmet)
rElec   .          Harm     .   (no cloak)
rCorr   .          Rampage  .   b - +2 pair of gloves
Will    .....                   (no boots)
Stlth   +++.......              (no amulet)
HPRegen 0.05/turn               (no ring)
MPRegen 0.08/turn               (no ring)

@: very slow
A: small, no large weapons, nightstalker 3
a: Renounce Religion, Bend Time


You were on level 1 of the Dungeon.
You worshipped Cheibriados.
Cheibriados was aware of your devotion.
You visited 1 branch of the dungeon, and saw 1 of its levels.

You collected 22 gold pieces.
You spent 15 gold pieces at shops.

Inventory:

Hand Weapons
 a - a +0 hand crossbow
 e - a +0 dagger
 i - a +0 hunting sling
 j - a +0 short sword (weapon)
Missiles
 c - 9 bolts
 f - 13 stones (quivered)
 h - 25 arrows
Armour
 b - a +2 pair of gloves (worn)
 d - a +0 robe (worn)
 k - a +0 robe
Scrolls
 g - a scroll of immolation


   Skills:
 + Level 1.1 Fighting
 + Level 3.2 Crossbows
 + Level 2.8 Dodging
 + Level 0.2 Stealth
 + Level 1.1 Spellcasting
 + Level 3.2 Hexes


You had 2 spell levels left.
You knew the following spells:

 Your Spells              Type           Power      Damage    Failure   Level
a - Slow                  Hex            44%        N/A       6%          1

Your spell library contained the following spells:

 Spells                   Type           Power      Damage    Failure   Level
 Animate Skeleton         Necr           0%         N/A       22%         1
 Pain                     Necr           0%         1d4       22%         1
 Inner Flame              Hex/Fire       6%         N/A       34%         3
 Portal Projectile        Hex/Tloc       12%        N/A       34%         3
 Cause Fear               Hex            5%         N/A       52%         4
 Call Canine Familiar     Summ           0%         N/A       56%         3
 Gell's Gravitas          Tloc           0%         N/A       56%         3
 Teleport Other           Tloc           0%         N/A       56%         3
 Vampiric Draining        Necr           0%         2d6       56%         3
 Leda's Liquefaction      Hex/Erth       3%         N/A       75%         4
 Dispersal                Tloc           0%         N/A       100%        6


Dungeon Overview and Level Annotations

Branches:
Dungeon (1/15)

Altars:
Cheibriados

Shops:
D:1 [*[


Innate Abilities, Weirdness & Mutations

You are small and have problems with some larger weapons.
You are completely attuned to the shadows.


Message History

You shoot a bolt. The bolt barely misses the goblin.
The bolt closely misses the kobold.
The hobgoblin shouts!
The goblin closely misses you. The goblin hits you but does no damage.
The kobold barely misses you. The goblin misses you.
The kobold hits you with a +0 short sword.
j - a +0 short sword (weapon)
You hit the kobold but do no damage. The kobold misses you.
You barely miss the kobold. The kobold misses you.
You closely miss the kobold. The kobold barely misses you.
You closely miss the kobold.
The kobold hits you with a +0 short sword.
The kobold completely misses you.
You barely miss the kobold. The kobold hits you but does no damage.
You hit the kobold.
The kobold is severely wounded.
The kobold hits you with a +0 short sword.
You hit the kobold.
You kill the kobold!
Cheibriados appreciates the change of pace.
You barely miss the goblin.
The goblin is moderately wounded.
The goblin barely misses you.
You hit the goblin.
The goblin is severely wounded.
The goblin barely misses you.
You closely miss the goblin.
The goblin is severely wounded.
The goblin hits you with a +0 dagger.
* * * LOW HITPOINT WARNING * * *
The goblin hits you with a +0 dagger.
* * * LOW HITPOINT WARNING * * *
The goblin hits you but does no damage. The goblin hits you with a +0 dagger.
* * * LOW HITPOINT WARNING * * *
The goblin closely misses you. The goblin hits you but does no damage.
The goblin closely misses you. The goblin hits you with a +0 dagger.
You die...

#...........###.......#.
#...............#####.#
#)#...........## #.#
#.##.......... ..###.#
#.#######..... ......#
#.......#..... ......#
########g...... ......##
#.).....g.....# ....#...
#.......@.....' ........
#.............# .......
#............. .......
#........................
#................ ......#
#............... ......#
#............#.#####.....
.............∩..........
...........#.#.....##..


You could see a hobgoblin and a goblin.

Vanquished Creatures
  3 ball pythons (D:1)
  A goblin (D:1)
  A hobgoblin (D:1)
  3 kobolds (D:1)
  A quokka (D:1)
  4 bats (D:1)
  4 frilled lizards (D:1)
  2 rats (D:1)
19 creatures vanquished.

Notes
Turn   | Place    | Note
-------+----------+-------------------------------------------
     0 | D:1      | fknight the Kobold Arcane Marksman began the quest for the
                  | Orb.
     0 | D:1      | Reached XP level 1. HP: 12/12 MP: 2/2
   527 | D:1      | Found Jyixoud's Armour Shop.
   616 | D:1      | Found Kyxeh's Antique Armour Shoppe.
   639 | D:1      | Reached XP level 2. HP: 16/16 MP: 3/3
   811 | D:1      | Found a faded altar of an unknown god.
   859 | D:1      | Prayed at the altar of an unknown god.
   859 | D:1      | Became a worshipper of Cheibriados the Contemplative
   859 | D:1      | Reached * piety under Cheibriados
  1105 | D:1      | Bought a robe for 15 gold pieces
  1129 | D:1      | Found Doyzxiwo's General Store.
  1223 | D:1      | Slain by a goblin

Illustrated notes

Levels and vault maps discovered:
D:1:      matt_arrival_grand_opening, layout_basic,
          hellmonk_ecumenical_altar_blasted, serial_shops, nicolae_diamond_shop,
          nicolae_shop_crystal, nicolae_diamond_shop

Skill      XL: |  1  2 |
---------------+-------+-----
Crossbows      | 3 |  3.2
Fighting       | |  1.1
Dodging        | |  2.8
Stealth        | |  0.2
Spellcasting   | |  1.1
Hexes          | |  3.2

Action                   || total
-------------------------++-------
Melee: Short sword       ||    10
       Dagger            ||     8
       Punch             ||     1
 Fire: Hand crossbow     ||    46
Armor: Robe              ||    19
Dodge: Dodged            ||    57
